 Dungeon Crawl Stone Soup version 0.31.0-10-gcf4a605ca0 (webtiles) character file.

Game seed: 4872778339101472632

490 Daunt the Digger (level 7, -5/51 HPs)
             Began as a Gnoll Earth Elementalist on Jan 25, 2024.
             Killed by nerve-wracking pain
             ... invoked by an orc priest
              (8 damage)
             ... on level 6 of the Dungeon.
             The game lasted 00:30:40 (2141 turns).

Daunt the Digger (Gnoll Earth Elementalist)         Turns: 2141, Time: 00:30:40

Health: -5/51      AC:  8    Str:  8    XL:     7   Next: 14%
Magic:  2/5        EV: 13    Int: 16    God:
Gold:   303        SH:  0    Dex: 12    Spells: 8/17 levels left

rFire   + . .        k - +1 spear (antimagic)
rCold   . . .        (no shield)
rNeg    . . .        o - +0 robe
rPois   .            c - +1 hat
rElec   .            j - scarf {+Inv}
rCorr   .            (no gloves)
SInv    .            C - +0 pair of boots
Will    .....        (no amulet)
Stlth   +++          F - ring of protection from fire
HPRegen 0.28/turn    y - +4 ring of protection
MPRegen 0.09/turn

%: no passive effects
@: no status effects
A: fangs 1, strong nose, distributed training
a: Evoke Invisibility


You were on level 6 of the Dungeon.
You visited 2 branches of the dungeon, and saw 7 of its levels.

You collected 303 gold pieces.

Inventory:

Hand Weapons
 a - a +0 trident of venom
 b - a +0 sling
 k - a +1 antimagic spear (weapon)
 x - a +0 long sword
 B - a +0 quarterstaff
Missiles
 m - 23 stones
 u - a throwing net
Armour
 c - a +1 hat (worn)
 j - a scarf of invisibility (worn)
 o - a +0 robe (worn)
 t - a scarf of resistance
 C - a +0 pair of boots (worn)
Magical Staves
 w - a staff of earth
Jewellery
 y - a +4 ring of protection (right hand)
 F - a ring of protection from fire (left hand)
Talismans
 g - a serpent talisman
Wands
 r - a wand of digging (4)
 v - a wand of iceblast (11)
Scrolls
 e - 2 scrolls of fear {unknown}
 f - 4 scrolls of teleportation {unknown}
 h - 3 scrolls of acquirement {unknown}
 l - a scroll of summoning
 p - 2 scrolls of enchant weapon
 q - 3 scrolls of amnesia {unknown}
 s - a scroll of vulnerability {unknown}
 z - a scroll of blinking {unknown}
Potions
 d - 2 potions of magic
 A - a potion of mutation


   Skills:
 + Level 2.3 Fighting
 + Level 2.3 Short Blades
 + Level 2.3 Long Blades
 + Level 2.3 Axes
 + Level 2.3 Maces & Flails
 + Level 2.3 Polearms
 + Level 2.3 Staves
 + Level 2.3 Ranged Weapons
 + Level 2.3 Throwing
 + Level 2.3 Armour
 + Level 5.2 Dodging
 + Level 4.8 Stealth
 + Level 2.3 Shields
 + Level 2.3 Unarmed Combat
 + Level 5.5 Spellcasting
 + Level 2.9 Conjurations
 + Level 1.9 Hexes
 + Level 1.9 Summonings
 + Level 1.9 Necromancy
 + Level 1.9 Translocations
 + Level 1.9 Fire Magic
 + Level 1.9 Ice Magic
 + Level 1.9 Air Magic
 + Level 5.8 Earth Magic
 + Level 1.9 Alchemy
 + Level 2.6 Invocations
 + Level 2.3 Evocations
 + Level 2.1 Shapeshifting


You had 8 spell levels left.
You knew the following spells:

 Your Spells              Type           Power      Damage    Failure   Level
a - Sandblast             Erth           46%        2d11      1%          1
m - Summon Small Mammal   Summ           40%        N/A       6%          1
p - Passwall              Erth           23%        N/A       4%          3
r - Frozen Ramparts       Ice            20%        1d4       19%         3
z - Apportation           Tloc           20%        N/A       6%          1

Your spell library contained the following spells:

 Spells                   Type           Power      Damage    Failure   Level
 Sting                    Conj/Alch      48%        1d6       5%          1
 Freeze                   Ice            40%        1d6       6%          1
 Necrotise                Necr           40%        1d6       6%          1
 Stone Arrow              Conj/Erth      36%        3d9       7%          3
 Hailstorm                Conj/Ice       12%        3d6       16%         3
 Brom's Barrelling Bould  Conj/Erth      18%        2d4       24%         4
 Petrify                  Alch/Erth      16%        N/A       28%         4


Dungeon Overview and Level Annotations

Branches:
Dungeon (6/15)             Temple (1/1) D:4

Altars:
Ashenzari
Gozag
Hepliaklqana
Nemelex Xobeh
Okawaru
Trog
Uskayaw
Vehumet
Wu Jian
Xom
Yredelemnul
Zin
The Shining One


Innate Abilities, Weirdness & Mutations

You have very sharp teeth.
Your uncanny sense of smell can sniff out nearby items.
Your experience applies equally to all skills.


Message History

The wall freezes the orc.
The orc barely misses you.
You hit the orc priest but do no damage.
The orc priest is severely wounded.
The frozen ramparts melt away.
The orc priest barely misses you. The orc closely misses you.
You hit the orc priest but do no damage.
The orc priest is severely wounded.
The orc closely misses you.
The orc priest calls down the wrath of Beogh upon you.
Beogh smites you!
* * * LOW HITPOINT WARNING * * *
You hit the orc priest but do no damage.
The orc priest is severely wounded.
The orc priest closely misses you. The orc completely misses you.
Okay, then.
Unknown command.
You barely miss the orc priest. Your bite misses the orc priest.
The orc priest is severely wounded.
The orc barely misses you.
The orc priest hits you but does no damage.
You barely miss the orc priest.
The orc priest is severely wounded.
The orc priest hits you but does no damage.
The orc closely misses you.
You hit the orc priest but do no damage.
The orc priest is severely wounded.
The orc priest misses you. The orc hits you but does no damage.
You barely miss the orc priest. Your bite misses the orc priest.
The orc priest is severely wounded.
The orc priest calls down the wrath of Beogh upon you.
You struggle to resist.
The orc closely misses you.
Your magical contamination has completely faded away.
You hit the orc priest.
The orc priest is almost dead.
The orc priest barely misses you. The orc closely misses you.
You hit the orc priest but do no damage.
The orc priest is almost dead.
The orc priest mumbles some strange prayers to Beogh against you.
Pain shoots through your body!
You die...

∆ ..## #...#
##.#.# ##....
###...)# ......#
# #.)o####...
#@o......# #
##..###..# ##.
#........ #...
∆#..#....#
.....####.......#
...........#./..#
..####<##.#.....
#..........
.........#.


You could see an orc priest and an orc.

Vanquished Creatures
  A howler monkey (D:4)
  2 hounds
  4 orc priests
  3 iguanas
  2 orc wizards
  Terence (D:2)
  3 adders
  A white imp (D:3)
  2 dart slugs (D:1)
  2 ribbon worms (D:2)
  10 orcs
  6 endoplasms
  2 giant cockroaches
  8 goblins
  7 hobgoblins
  8 jackals
  A quokka (D:3)
  2 ball pythons
  7 bats
  6 frilled lizards
  4 kobolds
  3 rats
85 creatures vanquished.

Notes
Turn   | Place    | Note
-------+----------+-------------------------------------------
     0 | D:1      | Daunt the Gnoll Earth Elementalist began the quest for the
                  | Orb.
     0 | D:1      | Reached XP level 1. HP: 13/13 MP: 6/6
    65 | D:1      | Reached XP level 2. HP: 19/19 MP: 4/7
   152 | D:1      | Learned a level 1 spell: Summon Small Mammal
   155 | D:1      | Learned a level 1 spell: Apportation
   173 | D:1      | Reached skill level 5 in Spellcasting
   173 | D:1      | Reached XP level 3. HP: 25/25 MP: 5/9
   262 | D:2      | Reached skill level 1 in Invocations
   456 | D:1      | Reached skill level 1 in Fighting
   456 | D:1      | Reached skill level 1 in Short Blades
   456 | D:1      | Reached skill level 1 in Long Blades
   456 | D:1      | Reached skill level 1 in Axes
   456 | D:1      | Reached skill level 1 in Maces & Flails
   456 | D:1      | Reached skill level 1 in Polearms
   456 | D:1      | Reached skill level 1 in Staves
   456 | D:1      | Reached skill level 1 in Ranged Weapons
   456 | D:1      | Reached skill level 1 in Throwing
   456 | D:1      | Reached skill level 1 in Armour
   456 | D:1      | Reached skill level 1 in Shields
   456 | D:1      | Reached skill level 1 in Unarmed Combat
   456 | D:1      | Reached skill level 1 in Evocations
   516 | D:2      | Learned a level 3 spell: Passwall
   563 | D:2      | Found an iron altar of Okawaru.
   578 | D:2      | Noticed Terence
   582 | D:2      | Killed Terence
   583 | D:2      | Reached skill level 1 in Hexes
   583 | D:2      | Reached skill level 1 in Summonings
   583 | D:2      | Reached skill level 1 in Necromancy
   583 | D:2      | Reached skill level 1 in Translocations
   583 | D:2      | Reached skill level 1 in Fire Magic
   583 | D:2      | Reached skill level 1 in Ice Magic
   583 | D:2      | Reached skill level 1 in Air Magic
   583 | D:2      | Reached skill level 1 in Alchemy
   583 | D:2      | Reached skill level 1 in Shapeshifting
   583 | D:2      | Reached XP level 4. HP: 15/32 MP: 6/11
   745 | D:3      | Reached XP level 5. HP: 18/37 MP: 5/12
   845 | D:3      | Found a faded altar of an unknown god.
  1018 | D:4      | Found an opulent altar of Gozag.
  1021 | D:4      | Noticed an ogre
  1029 | D:4      | Found an ornate altar of the Wu Jian Council.
  1052 | D:4      | Learned a level 3 spell: Frozen Ramparts
  1072 | D:4      | Found an iron altar of Okawaru.
  1316 | D:5      | Entered Level 5 of the Dungeon
  1322 | D:5      | Noticed a black bear
  1327 | D:5      | Reached XP level 6. HP: 44/44 MP: 2/13
  1462 | D:5      | Found a glowing silver altar of Zin.
  1464 | D:5      | Found a hazy altar of Hepliaklqana.
  1492 | D:5      | Noticed an ice beast
  1530 | D:5      | HP: 1/44 [orc priest/divine providence (13)]
  1615 | D:4      | Found a staircase to the Ecumenical Temple.
  1687 | D:3      | Reached skill level 5 in Dodging
  1833 | Temple   | Entered the Ecumenical Temple
  1961 | D:5      | Reached XP level 7. HP: 47/50 MP: 12/15
  2134 | D:6      | HP: 1/51 [orc priest/divine providence (7)]
  2141 | D:6      | Killed from afar by an orc priest

Illustrated notes

Levels and vault maps discovered:
D:1:      spicycebolla_green_bress_n_ham, layout_basic
D:2:      layout_loops_ring, basic_altar, uniq_terence
D:3:      layout_loops_ring, ebering_ecumenical_altar_ruins
D:4:      layout_basic, nicolae_gozag_seed_capital,
          pdpol_wu_jian_five_deadly_venoms, mainiacjoe_overflow_catwalk,
          minmay_temple_entry_purple_smoke, chequers_garden, kennysheep_potato
D:5:      layout_layer_cave, chequers_temple_overflow_minitemple,
          nicolae_overflow_hidden_temple, minmay_misc_feat_more_columns
D:6:      cheibrodos_barr_body, layout_basic, minmay_misc_feat_alley
Temple:   hellmonk_temple_rainy

Skill      XL: |  1  2  3  4  5  6 |
---------------+-------------------+-----
Conjurations   | 2 |  2.9
Spellcasting   | 5 |  5.5
Invocations    | 1 2 |  2.6
Fighting       | 1 2 |  2.3
Short Blades   | 1 2 |  2.3
Long Blades    | 1 2 |  2.3
Axes           | 1 2 |  2.3
Maces & Flails | 1 2 |  2.3
Polearms       | 1 2 |  2.3
Staves         | 1 2 |  2.3
Ranged Weapons | 1 2 |  2.3
Throwing       | 1 2 |  2.3
Armour         | 1 2 |  2.3
Shields        | 1 2 |  2.3
Unarmed Combat | 1 2 |  2.3
Evocations     | 1 2 |  2.3
Hexes          | 1 |  1.9
Summonings     | 1 |  1.9
Necromancy     | 1 |  1.9
Translocations | 1 |  1.9
Fire Magic     | 1 |  1.9
Ice Magic      | 1 |  1.9
Air Magic      | 1 |  1.9
Alchemy        | 1 |  1.9
Shapeshifting  | 1 2 |  2.1
Dodging        | 5 |  5.2
Stealth        | |  4.8
Earth Magic    | |  5.8

Action                     |  1- 3 |  4- 6 |  7- 9 || total
---------------------------+-------+-------+-------++-------
  Melee: Trident           |       |     5 |       ||     5
         Quarterstaff      |       |     4 |       ||     4
         Bite              |       |     1 |     1 ||     2
         Spear             |       |       |    16 ||    16
         Punch             |       |       |     1 ||     1
   Fire: Sling             |    47 |    48 |     7 ||   102
   Cast: Sandblast         |    32 |    67 |    10 ||   109
         Apportation       |     3 |     3 |     1 ||     7
         Passwall          |       |     6 |     1 ||     7
         Frozen Ramparts   |       |     3 |     1 ||     4
    Use: Potion            |       |     2 |       ||     2
         Scroll            |       |       |     4 ||     4
 Armour: Robe              |     3 |    28 |    19 ||    50
  Dodge: Dodged            |     3 |    28 |    18 ||    49
